 Dungeon Crawl Stone Soup version 0.28.0 (webtiles) character file.

Game seed: 3843840994910242363

10525 LustLizard the Cleaver (level 11, -1/97 HPs)
             Began as a Minotaur Berserker on Feb 11, 2022.
             Was a High Priest of Trog.
             Killed from afar by an oklob plant (27 damage)
             ... with a splash of acid
             ... on level 7 of the Dungeon.
             The game lasted 00:27:59 (11796 turns).

LustLizard the Cleaver (Minotaur Berserker)        Turns: 11796, Time: 00:28:00

Health: -1/97      AC:  5    Str: 23    XL:     11   Next: 37%
Magic:  10/10      EV:  6    Int:  6    God:    Trog [*****.]
Gold:   423        SH:  5    Dex: 11    Spells: 10/10 levels left

rFire   . . .      SeeInvis .   S - +4 war axe
rCold   . . .      Faith    .   I - +0 buckler
rNeg    . . .      Spirit   .   P - +0 plate armour
rPois   +          Reflect  .   (helmet restricted)
rElec   .          Harm     .   f - +1 cloak
rCorr   .          Rampage  .   (no gloves)
Will    .....                   (no boots)
Stlth   ..........              k - amulet of regeneration
HPRegen 1.06/turn               J - +4 ring of slaying
MPRegen 0.12/turn               u - ring of poison resistance

@: about to teleport, corroded
A: horns 2, retaliatory headbutt
a: Renounce Religion, Berserk, Trog's Hand, Brothers in Arms


You were on level 7 of the Dungeon.
You worshipped Trog.
Trog was extremely pleased with you.
You visited 1 branch of the dungeon, and saw 9 of its levels.
You also visited: Sewer.

You collected 423 gold pieces.

Inventory:

Hand Weapons
 h - a +0 whip
 j - a +5 antimagic battleaxe
 D - a +0 war axe
 F - a +0 hand axe of flaming
 O - a +0 broad axe
 S - a +4 war axe (weapon)
Missiles
 d - 268 stones (quivered)
 l - a boomerang of dispersal
 m - 4 curare-tipped darts
 p - 9 boomerangs
 r - 32 poisoned darts
 C - a throwing net
 G - 5 atropa-tipped darts
Armour
 f - a +1 cloak (worn)
 q - a +0 scale mail
 I - a +0 buckler (worn)
 L - a +0 chain mail
 P - a +0 plate armour (worn)
Jewellery
 i - a ring of see invisible
 k - an amulet of regeneration (around neck)
 u - a ring of poison resistance (right hand)
 y - a +6 ring of intelligence
 H - an amulet of the acrobat
 J - a +4 ring of slaying (left hand)
Wands
 a - a wand of flame (31)
 b - a wand of iceblast (11)
Scrolls
 e - a scroll of holy word {unknown}
 g - 2 scrolls of enchant armour
 o - 4 scrolls of fog
 s - a scroll of immolation {unknown}
 v - a scroll of blinking
 x - a scroll of torment
 B - 2 scrolls of teleportation
 E - a scroll of fear
 N - a scroll of enchant weapon {unknown}
 R - a scroll of identify
Potions
 c - 3 potions of invisibility
 n - 4 potions of resistance
 t - 5 potions of haste
 w - a potion of lignification
 z - 2 potions of heal wounds
 A - 2 potions of mutation
 K - 6 potions of curing
 M - a potion of attraction {unknown}
 Q - a potion of flight {unknown}


   Skills:
 + Level 9.4 Fighting
 * Level 12.7 Axes
 * Level 10.2 Throwing
 - Level 2.4 Armour
 - Level 2.1 Dodging
 * Level 7.4 Shields
 * Level 4.3 Evocations


You had 10 spell levels left.
You didn't know any spells.
Your spell library was empty.

Dungeon Overview and Level Annotations

Branches:
Dungeon (9/15)             Temple (0/1) D:5           Sewer (visited)
   Lair: D:8-11         Orc: D:9-12

Altars:
Makhleb
Yredelemnul
Zin
The Shining One
Beogh

Shops:
D:4 (

Annotations:
D:7 1 transporter, exclusions: ice statue and oklob plant
D:9 2 transporters, scisormetimb3rs's ghost, novice MiFi


Innate Abilities, Weirdness & Mutations

You have a pair of horns on your head.
You reflexively headbutt those who attack you in melee.


Message History

FuzzyBison's ghost is almost destroyed.
You barely miss FuzzyBison's ghost.
FuzzyBison's ghost is almost destroyed.
FuzzyBison's ghost hits you. The oklob plant spits acid at you.
The splash of acid hits you! The acid corrodes you!
You slash FuzzyBison's ghost!
You destroy FuzzyBison's ghost!
Trog accepts your kill.
You slash the howler monkey!
The howler monkey is severely wounded.
The oklob plant spits acid at you. The splash of acid hits you!!
The howler monkey hits you.
You slash the howler monkey!
You kill the howler monkey!
Trog accepts your kill.
You barely miss the hornet. You headbutt the hornet.
The hornet is lightly wounded.
The hornet stings you but does no damage.
The oklob plant spits acid at you. You block the splash of acid.
The hornet barely misses you.
You hit the hornet but do no damage. Your headbutt misses the hornet.
The hornet is lightly wounded.
The hornet stings you! The oklob plant spits acid at you.
The splash of acid hits you!!
* * * LOW HITPOINT WARNING * * *
Blink to where?
Press: ? - help, Dir - move target You can't see that place. [the floor.]
Okay, then.
You feel much better. You block the hornet's attack.
The hornet barely misses you.
As you read the scroll of teleportation, it crumbles to dust.
You feel strangely unstable. The hornet stings you!
* * * LOW HITPOINT WARNING * * *
The oklob plant spits acid at you. The splash of acid hits you!!
You die...

....# ##.#....####.....####
....## ##........#####.#####.
.....# #..........###### #..
.....## ##............## ##..
......# #..............## ##...
......# ##...............###....
......####......©...........#....
.....[##..)...#####....<##.......
.........#...##y@)##....#........
#....#####..##O###.##..#.......#.
..#.## ##..##Z.5g≈..##.........##
##### ##..##8.{J..≈.P##.........#
##..##.D#.###.#≈.##....<...#
#..##.g..##o##....##.......#
#..#.#c$##...##.h#.#........
####..#©#..#.....#≈.#h#........
###.....#D#≈$#....##.o#J#........


You could see an oklob plant, a hornet, an ogre, a gnoll shaman, a jelly, a
white imp, an orc and a centaur skeleton.

Vanquished Creatures
  2 two-headed ogres
  A manticore (D:9)
  The ghost of FuzzyBison the Grasshopper, a novice DDWr of the Shining One (D:7)
  Joseph (D:7)
  An unseen horror (D:9)
  A troll (D:6)
  A hornet (D:9)
  Sigmund (D:3)
  A shadow (D:9)
  10 yaks
  A basilisk (D:7)
  2 steam dragons
  Menkaure (D:6)
  3 water moccasins
  8 orc warriors
  An ice beast (D:6)
  A sky beast (D:8)
  A black bear (D:6)
  2 necrophages (D:6)
  An ogre (D:4)
  4 centaurs
  2 phantoms (D:6)
  7 kobold brigands
  2 bullfrogs
  2 scorpions
  A gnoll sergeant (D:6)
  A wyvern zombie (D:6)
  3 water moccasin zombies
  A wyvern skeleton (D:7)
  4 killer bees (D:8)
  5 spriggan skeletons (D:9)
  A troll skeleton (D:9)
  6 howler monkeys
  A bullfrog zombie (D:6)
  A centaur zombie (D:9)
  6 hounds
  2 jellies
  A bullfrog skeleton (D:6)
  A gnoll shaman (D:6)
  4 orc priests
  A centaur skeleton (D:7)
  Terence (D:3)
  4 iguanas
  14 orc wizards
  A hound skeleton (D:4)
  7 gnolls (D:6)
  8 river rats
  11 adders
  A shadow imp (D:7)
  A white imp (D:6)
  An ufetubus (D:7)
  A worm (D:4)
  A dart slug (D:2)
  31 orcs
  10 bats
  8 endoplasms
  3 giant cockroaches
  8 goblins
  7 hobgoblins
  6 jackals
  17 quokkas
  9 ball pythons
  8 frilled lizards
  37 kobolds
  18 rats
310 creatures vanquished.

Vanquished Creatures (others)
  A kobold demonologist (D:8)
  A kobold (D:8)
  11 plants (D:1)
13 creatures vanquished.

Grand Total: 323 creatures vanquished

Notes
Turn   | Place    | Note
-------+----------+-------------------------------------------
     0 | D:1      | LustLizard the Minotaur Berserker began the quest for the
                  | Orb.
     0 | D:1      | Reached XP level 1. HP: 19/19 MP: 0/0
   229 | D:1      | Found a faded altar of an unknown god.
   236 | D:1      | Reached skill level 4 in Axes
   236 | D:1      | Reached XP level 2. HP: 27/27 MP: 1/1
   248 | D:1      | Reached skill level 1 in Throwing
   781 | D:1      | Reached XP level 3. HP: 33/33 MP: 2/2
   998 | D:1      | Reached ** piety under Trog
  1766 | D:2      | Reached XP level 4. HP: 40/40 MP: 3/3
  1972 | D:3      | Noticed Sigmund
  1992 | D:3      | Noticed Terence
  2029 | D:3      | Killed Sigmund
  2030 | D:3      | Reached skill level 5 in Axes
  2030 | D:3      | Reached XP level 5. HP: 19/47 MP: 4/4
  2125 | D:3      | Killed Terence
  2126 | D:3      | Reached XP level 6. HP: 27/55 MP: 5/5
  2290 | D:3      | Reached skill level 6 in Axes
  2598 | D:3      | Reached skill level 5 in Fighting
  3066 | D:4      | Reached *** piety under Trog
  3294 | D:4      | Reached XP level 7. HP: 61/61 MP: 6/6
  3569 | D:4      | Reached skill level 7 in Axes
  3581 | D:4      | Found Yfant's Weapon Shoppe.
  3628 | D:4      | Found a glowing golden altar of the Shining One.
  3854 | D:5      | Entered Level 5 of the Dungeon
  3854 | D:5      | Noticed a yak
  3854 | D:5      | Noticed a yak
  3854 | D:5      | Noticed a yak
  3854 | D:5      | Noticed a yak
  3868 | D:4      | Killed a yak
  3869 | D:4      | Reached skill level 5 in Throwing
  4075 | D:5      | Found a glowing drain.
  4086 | Sewer    | Entered a sewer
  4320 | Sewer    | Reached **** piety under Trog
  4328 | Sewer    | Reached skill level 8 in Axes
  4328 | Sewer    | Reached XP level 8. HP: 63/70 MP: 7/7
  5064 | D:5      | Reached skill level 9 in Axes
  5522 | D:5      | Found a staircase to the Ecumenical Temple.
  6035 | D:6      | Noticed Menkaure
  6040 | D:6      | Killed Menkaure
  6165 | D:6      | Reached XP level 9. HP: 77/79 MP: 8/8
  6341 | D:6      | Noticed a troll
  6368 | D:6      | Killed a troll
  6369 | D:6      | Reached skill level 10 in Axes
  7002 | D:6      | Reached ***** piety under Trog
  7339 | D:6      | Reached skill level 1 in Shields
  7902 | D:7      | Found a transporter.
  8008 | D:7      | Found a runed translucent door.
  8105 | D:7      | Found a transporter.
  8109 | D:7      | Noticed an oklob plant
  8131 | D:7      | Found a glowing silver altar of Zin.
  8135 | D:7      | Noticed Joseph
  8147 | D:7      | Killed Joseph
  8148 | D:7      | Reached skill level 11 in Axes
  8463 | D:7      | Noticed an ice statue
  8599 | D:7      | Reached XP level 10. HP: 80/88 MP: 9/9
  8741 | D:7      | Noticed FuzzyBison's ghost (novice DDWr)
  9381 | D:8      | Reached skill level 1 in Evocations
  9439 | D:8      | Noticed a two-headed ogre
  9442 | D:8      | Noticed a smoke demon
  9451 | D:8      | Killed a two-headed ogre
  9451 | D:8      | Received a gift from Trog
  9452 | D:8      | Reached skill level 5 in Shields
 10032 | D:8      | Reached skill level 12 in Axes
 10263 | D:8      | Found a burning altar of Makhleb.
 10263 | D:8      | Found a basalt altar of Yredelemnul.
 10500 | D:9      | Found a transporter.
 10503 | D:9      | Noticed scisormetimb3rs's ghost (novice MiFi)
 10519 | D:9      | Noticed a moth of wrath
 10681 | D:9      | Noticed a manticore
 10690 | D:9      | Killed a manticore
 10745 | D:9      | Noticed a two-headed ogre
 10769 | D:9      | Killed a two-headed ogre
 10770 | D:9      | Reached XP level 11. HP: 78/97 MP: 3/10
 10843 | D:9      | Found a transporter.
 11065 | D:9      | Reached skill level 10 in Throwing
 11712 | D:7      | Received a gift from Trog
 11790 | D:7      | Killed FuzzyBison's ghost
 11796 | D:7      | Killed from afar by an oklob plant

Illustrated notes

Levels and vault maps discovered:
D:1:      scummos_arrival_gate, layout_loops_ring, serial_bayou,
          serial_bayou_lake_a, serial_bayou_pond_c, serial_bayou_lagoon_b,
          serial_bayou_pond_d, hellmonk_ecumenical_altar_zigzags,
          minmay_tetromino_s4
D:2:      layout_basic, dk_noncrumbling_3
D:3:      layout_rooms, uniq_sigmund, uniq_terence
D:4:      layout_loops_cross, kennysheep_mini_moat, serial_shops, shop,
          chequers_decorated_corner
D:5:      layout_gridville, temple_green, gup_sewer_entry_bubbles
D:6:      minmay_chambers_of_threes, layout_basic,
          chequers_serial_rivers_room_a, kb_rosetta, uniq_menkaure
D:7:      lemuel_ice_statue, layout_cave_pods, old_standard_altar,
          nzn_ghost_randoct, lightli_church_of_beogh, uniq_joseph
D:8:      layout_basic, gammafunk_temple_overflow_elements
D:9:      layout_long_grid, gammafunk_ghost_berserking_beasts,
          hangedman_tell_no_tales

Skill      XL: |  1  2  3  4  5  6  7  8  9 10 11 |
---------------+----------------------------------+-----
Axes           | 4 5 6 8 9 11 12 | 12.7
Throwing       | 1 2 3 4 5 7 8 9 10 | 10.2
Fighting       | 4 5 6 7 8 9 |  9.4
Shields        | 3 6 7 |  7.4
Evocations     | 3 4 |  4.3
Armour         | |  2.4
Dodging        | |  2.1

Action                   |  1- 3 |  4- 6 |  7- 9 | 10-12 || total
-------------------------+-------+-------+-------+-------++-------
Melee: Hand axe          |    96 |    82 |   310 |   106 ||   594
       Headbutt          |    12 |    23 |    68 |    45 ||   148
       Punch             |       |     1 |     2 |       ||     3
       Whip              |       |       |    18 |       ||    18
       Battleaxe         |       |       |       |    89 ||    89
       War axe           |       |       |       |    26 ||    26
Throw: Stone             |    33 |    37 |    90 |    35 ||   195
       Dart              |       |     6 |       |     6 ||    12
Invok: Trog's Hand       |       |     1 |       |       ||     1
       Berserk           |       |       |     3 |     2 ||     5
  Use: Scroll            |       |     5 |     7 |     3 ||    15
       Potion            |       |       |       |     1 ||     1
Armor: Animal skin       |     8 |       |       |       ||     8
       Ring mail         |    23 |     8 |       |       ||    31
       Scale mail        |       |    13 |   105 |    22 ||   140
       Chain mail        |       |       |       |    31 ||    31
       Plate armour      |       |       |       |    38 ||    38
Dodge: Dodged            |    75 |    46 |   149 |    84 ||   354
Block: Buckler           |       |       |       |    15 ||    15
